 Dungeon Crawl Stone Soup version 0.29.1-1-gd02db6906a (webtiles) character file.

Game seed: 6719577248911904107

88 GigaChad the Trooper (level 4, -2/41 HPs)
             Began as a Minotaur Fighter on Sept 19, 2022.
             Killed from afar by Sigmund (3 damage)
             ... with a magic dart
             ... on level 2 of the Dungeon.
             The game lasted 00:03:29 (1049 turns).

GigaChad the Trooper (Minotaur Fighter)             Turns: 1049, Time: 00:03:30

Health: -2/41      AC:  8    Str: 23    XL:     4   Next: 29%
Magic:  3/3        EV:  9    Int:  5    God:
Gold:   52         SH:  4    Dex:  9    Spells: 3/3 levels left

rFire   . . .      SeeInvis .   a - +0 long sword
rCold   . . .      Faith    .   c - +0 buckler
rNeg    . . .      Spirit   .   b - +0 scale mail
rPois   .          Reflect  .   o - +1 hat
rElec   .          Harm     .   (no cloak)
rCorr   .          Rampage  .   (no gloves)
Will    .....                   (no boots)
Stlth   ..........              (no amulet)
HPRegen 0.13/turn               (no ring)
MPRegen 0.08/turn               (no ring)

@: no status effects
A: horns 2, retaliatory headbutt
a: no special abilities


You were on level 2 of the Dungeon.
You visited 1 branch of the dungeon, and saw 2 of its levels.

You collected 52 gold pieces.

Inventory:

Hand Weapons
 a - a +0 long sword (weapon)
Armour
 b - a +0 scale mail (worn)
 c - a +0 buckler (worn)
 h - a scarf of shadows
 o - a +1 hat (worn)
Scrolls
 e - a scroll of silence {unknown}
 f - a scroll of blinking {unknown}
 g - a scroll of enchant armour
 i - 3 scrolls of fear {unknown}
 j - 2 scrolls of poison {unknown}
 l - a scroll of enchant weapon {unknown}
 m - a scroll of teleportation {unknown}
Potions
 d - 2 potions of might
 k - 2 potions of flight {unknown}
 n - 2 potions of curing {unknown}


   Skills:
 + Level 4.9 Fighting
 - Level 3.0 Long Blades
 - Level 4.3 Armour
 - Level 0.2 Dodging
 - Level 4.2 Shields


You had 3 spell levels left.
You didn't know any spells.
Your spell library was empty.

Dungeon Overview and Level Annotations

Branches:
Dungeon (2/15)

Altars:

Shops:
D:1 [

Annotations:
D:2 Sigmund


Innate Abilities, Weirdness & Mutations

You have a pair of horns on your head.
You reflexively headbutt those who attack you in melee.


Message History

Sigmund is heavily wounded.
You hit Sigmund but do no damage. You headbutt Sigmund.
Sigmund is heavily wounded.
Sigmund hits you with a +0 scythe.
You hit Sigmund.
Sigmund is severely wounded.
Sigmund barely misses you. You furiously retaliate!
You headbutt Sigmund, but do no damage. You closely miss Sigmund.
Your headbutt misses Sigmund.
Sigmund is severely wounded.
Sigmund gestures wildly while chanting.
Sigmund flickers and vanishes!
Deactivating autopickup; reactivate with Ctrl-A.
You closely miss something.
You hear some strange, mumbled words.
A magic dart appears from out of thin air!
The magic dart hits you but does no damage.
You miss something. Something hits you but does no damage.
You closely miss something. Something hits you.
* * * LOW HITPOINT WARNING * * *
You hit something. You block something's attack.
You miss something. Something hits you.
* * * LOW HITPOINT WARNING * * *
You miss something.
You hear some strange, mumbled words.
A magic dart appears from out of thin air!
The magic dart hits you.
* * * LOW HITPOINT WARNING * * *
You miss something. Something hits you but does no damage.
You closely miss something. You headbutt something.
Something hits you but does no damage.
You miss something. Something hits you.
* * * LOW HITPOINT WARNING * * *
You miss something. Something hits you but does no damage.
You miss something. You closely miss something. Your headbutt misses something.
You hear some strange, mumbled words.
A magic dart appears from out of thin air!
The magic dart hits you.
You die...

#.#
#.#
#.#
#.#
#.#
#.#
#.###
#...#
###@#
#{#
#.#
#.#
..#
###


There were no monsters in sight!

Vanquished Creatures
  Jessica (D:2)
  An iguana (D:2)
  A dart slug (D:2)
  3 bats
  3 endoplasms
  A giant cockroach (D:2)
  5 goblins
  6 hobgoblins
  2 kobolds (D:1)
  A quokka (D:1)
  3 ball pythons (D:1)
  3 frilled lizards
  2 rats
32 creatures vanquished.

Notes
Turn   | Place    | Note
-------+----------+-------------------------------------------
     0 | D:1      | GigaChad the Minotaur Fighter began the quest for the Orb.
     0 | D:1      | Reached XP level 1. HP: 19/19 MP: 0/0
   110 | D:1      | Found Xywusaq's Antique Armour Shop.
   116 | D:1      | Reached XP level 2. HP: 21/27 MP: 1/1
   679 | D:2      | Noticed Jessica
   683 | D:2      | Killed Jessica
   684 | D:2      | Reached XP level 3. HP: 33/33 MP: 2/2
  1021 | D:2      | Reached XP level 4. HP: 31/41 MP: 3/3
  1026 | D:2      | Noticed Sigmund
  1046 | D:2      | HP: 1/41 [something (5)]
  1049 | D:2      | Killed from afar by Sigmund

Illustrated notes

Levels and vault maps discovered:
D:1:      lemuel_arrival_hallway, layout_loops_ring, serial_shops,
          nicolae_diamond_shop, minmay_misc_feat_enclosed,
          nicolae_concentric_dashed_squares_wild
D:2:      layout_loops_ring, serial_shops, nicolae_lakefront_shop, basic_altar,
          uniq_sigmund, uniq_jessica, uniq_terence

Skill      XL: |  1  2 |
---------------+-------+-----
Armour         | 4 |  4.3
Shields        | 4 |  4.2
Fighting       | 4 |  4.9
Long Blades    | 3 |  3.0
Dodging        | |  0.2

Action                   |  1- 3 |  4- 6 || total
-------------------------+-------+-------++-------
Melee: Long sword        |    72 |    21 ||    93
       Headbutt          |    17 |     3 ||    20
  Use: Scroll            |     1 |       ||     1
Armor: Scale mail        |    36 |     5 ||    41
Dodge: Dodged            |    44 |     2 ||    46
Block: Buckler           |    17 |     2 ||    19
